 Dungeon Crawl Stone Soup version 0.21.1-1-g345015fe64 (webtiles) character file.

130 Ivernyr the Charmwright (level 4, -1/35 HPs)
             Began as a Demonspawn Skald on Apr 25, 2018.
             Slain by a gnoll
             ... wielding a +0 club
              (3 damage)
             ... on level 3 of the Dungeon.
             The game lasted 00:06:39 (3111 turns).

Ivernyr the Charmwright (Demonspawn Skald)          Turns: 3111, Time: 00:06:40

Health: -1/35      AC:  3    Str: 12    XL:     4   Next: 90%
Magic:  4/7        EV: 12    Int: 14    God:
Gold:   85         SH:  0    Dex: 13    Spells: 2/7 levels left

rFire    . . .     SeeInvis .   (no weapon)
rCold    + . .     Gourm    .   (no shield)
rNeg     . . .     Faith    .   b - +0 leather armour
rPois    .         Spirit   .   (no helmet)
rElec    .         Reflect  .   (no cloak)
rCorr    +         Harm     .   (no gloves)
MR       .....                  (no boots)
Stlth    +.........             (no amulet)
HPRegen  0.11/turn              f - ring of resist corrosion
MPRegen  0.10/turn              h - ring of protection from cold

@: shrouded (expiring)
A: claws 2
a: no special abilities


You were on level 3 of the Dungeon.
You were very hungry.

You visited 1 branch of the dungeon, and saw 3 of its levels.

You collected 85 gold pieces.

Inventory:

Armour
 b - a +0 leather armour (worn)
Jewellery
 f - a ring of resist corrosion (left claw)
 h - a ring of protection from cold (right claw)
Scrolls
 e - 2 scrolls of identify {unknown}
 g - a scroll of fear {unknown}
 j - a scroll of fog {unknown}
 k - a scroll of random uselessness {unknown}
 m - a scroll of noise {unknown}
Potions
 a - a potion of brilliance {unknown}
 i - a potion of cancellation {unknown}
Books
 c - a book of Battle

   Spells                             Type                      Level
   a - Infusion                       Charms                       1
   b - Shroud of Golubria             Charms/Translocation         2
   c - Song of Slaying                Charms                       2
   d - Spectral Weapon                Hexes/Charms                 3
   e - Regeneration                   Charms/Necromancy            3
Comestibles
 d - 3 rations


   Skills:
 + Level 3.0 Fighting
   Level 1.7 Long Blades
 * Level 3.1 Armour
 - Level 1.7 Dodging
 - Level 2.0 Spellcasting
 + Level 3.4 Charms


You had 2 spell levels left.
You knew the following spells:

 Your Spells              Type           Power        Failure   Level  Hunger
a - Shroud of Golubria    Chrm/Tloc      #.........   22%         2    ###....
b - Song of Slaying       Chrm           ##......     11%         2    ###....
c - Infusion              Chrm           ##..         8%          1    ##.....


Dungeon Overview and Level Annotations

Branches:
Dungeon (3/15)

Altars:
Ashenzari
Elyvilon
Makhleb
Yredelemnul


Innate Abilities, Weirdness & Mutations

You have very sharp fingernails.


Message History

Your shroud bends the gnoll's attack away.
You scratch the gnoll.
The gnoll is moderately wounded.
Your shroud bends the gnoll's attack away.
You scratch the gnoll.
The gnoll is heavily wounded.
You scratch the gnoll.
The gnoll is severely wounded.
The gnoll closely misses you.
You closely miss the gnoll.
The gnoll is severely wounded.
The gnoll barely misses you.
You scratch the gnoll but do no damage.
The gnoll is severely wounded.
The gnoll hits you but does no damage.
You barely miss the gnoll.
The gnoll is severely wounded.
Your shroud begins to fray at the edges.
The gnoll hits you with a club.
You die...

#.#...#.#### .#
#.#...#(#####.##..
#....÷()†....(##.##
###..(#######..... #...#
###.# #...# #....
###...########.#.# #
.............#.#.##.##...
...............#@g[......
.................##.##...
#.#...#.###).....# #
........# #..#.....!#
#.#...#.# #..#...####
#.....#.# #..#...#
###...#.# #..#.#... ....
.# #......### #.......


You could see a gnoll.

Vanquished Creatures
  A bullfrog skeleton (D:3)
  2 gnolls (D:3)
  An adder (D:2)
  An ooze (D:1)
  4 dart slugs
  3 leopard geckos
  2 orcs (D:3)
  3 ball pythons
  5 giant cockroaches
  9 hobgoblins
  3 jackals
  6 kobolds
  A quokka (D:3)
  5 bats
  5 frilled lizards
  3 goblins
  3 rats
57 creatures vanquished.

Notes
Turn   | Place    | Note
-------+----------+-------------------------------------------
     0 | D:1      | Ivernyr the Demonspawn Skald began the quest for the Orb.
     0 | D:1      | Reached XP level 1. HP: 16/16 MP: 3/3
    23 | D:1      | Reached skill level 1 in Armour
   303 | D:1      | Gained mutation: You have sharp fingernails. [demonic ancestry]
   303 | D:1      | Reached XP level 2. HP: 16/22 MP: 5/5
   381 | D:1      | Learned a level 2 spell: Song of Slaying
   384 | D:1      | Learned a level 2 spell: Shroud of Golubria
   874 | D:1      | Gained mutation: You have very sharp fingernails. [demonic ancestry]
   874 | D:1      | Reached XP level 3. HP: 5/28 MP: 6/6
  1664 | D:2      | Found a white marble altar of Elyvilon.
  1664 | D:2      | Found a burning altar of Makhleb.
  1664 | D:2      | Found a shattered altar of Ashenzari.
  2259 | D:2      | Found a basalt altar of Yredelemnul.
  2405 | D:2      | Reached XP level 4. HP: 32/34 MP: 4/7
  3103 | D:3      | HP: 1/35 [gnoll/club (5)]
  3111 | D:3      | Slain by a gnoll

Skill      XL: |  1  2  3  4 |
---------------+-------------+-----
Armour         | 1 2 3 |  3.1
Charms         | 3 |  3.4
Fighting       | 3 |  3.0
Long Blades    | |  1.7
Dodging        | |  1.7
Spellcasting   | |  2.0

Action                   |  1- 3 |  4- 6 || total
-------------------------+-------+-------++-------
Melee: Falchion          |    14 |       ||    14
       Unarmed           |   172 |    81 ||   253
 Cast: Shroud of Golubri |     3 |     4 ||     7
       Song of Slaying   |     1 |     2 ||     3
 Stab: Sleeping          |     3 |     1 ||     4
  Eat: Chunk             |     4 |     3 ||     7
Armor: Leather armour    |    45 |    18 ||    63
Dodge: Dodged            |   122 |    54 ||   176
       Rpst.: Falchion   |     4 |       ||     4
